[ AOE2 MATCH · #474902575 ]
Team RMPersians vs Koreans
[ REPLAY ANALYSIS · EXTRACTED FROM THE RECORDED GAME ]
Feudal
10:41
Castle
23:43
Imperial
39:30
| APM avg | 14.3 |
| APM peak | 34 |
| eAPM avg | 10.6 |
| Villagers / military | 128 / 69 |
Focus
⚔️ 29.2% · 🌾 70.8%
Knight ×25 · Cavalry Archer ×17 · Archer ×12 · Spearman ×10 · War Elephant ×5
Feudal
—
Castle
—
Imperial
—
| APM avg | 29.5 |
| APM peak | 57 |
| eAPM avg | 11.6 |
| Villagers / military | 54 / 54 |
Focus
⚔️ 21.9% · 🌾 78.1%
Archer ×35 · Spearman ×13 · Monk ×6
Feudal
11:10
Castle
18:01
Imperial
38:12
| APM avg | 36.1 |
| APM peak | 68 |
| eAPM avg | 15.6 |
| Villagers / military | 73 / 67 |
Focus
⚔️ 26.9% · 🌾 73.1%
Knight ×60 · Trebuchet (Packed) ×3 · Monk ×2 · Mangonel ×2
Feudal
11:27
Castle
15:44
Imperial
40:06
| APM avg | 15.2 |
| APM peak | 34 |
| eAPM avg | 10.2 |
| Villagers / military | 88 / 100 |
Focus
⚔️ 29.5% · 🌾 70.5%
Skirmisher ×51 · Militia ×36 · Spearman ×7 · Battering Ram ×6
Feudal
11:22
Castle
24:17
Imperial
—
| APM avg | 25.8 |
| APM peak | 53 |
| eAPM avg | 15.0 |
| Villagers / military | 118 / 62 |
Focus
⚔️ 20.1% · 🌾 79.9%
Cavalry Archer ×52 · Scout Cavalry ×7 · Spearman ×3
Feudal
—
Castle
—
Imperial
—
| APM avg | 32.3 |
| APM peak | 87 |
| eAPM avg | 13.8 |
| Villagers / military | 103 / 23 |
Focus
⚔️ 24.0% · 🌾 76.0%
Knight ×19 · Mangonel ×4
Match map
Initial resources + every placement click. Lines = walls · curves = elevation contours. ◆ gold · ⬟ stone · ● berries · ✦ relic · ◌ wall gap
Your base· Open — unwalled flank
Luzbelito95's base· Open — 1t gap
gAUS's base· Open — unwalled flank
viahortus's base· Open — unwalled flank
ObiGOD's base· Open — unwalled flank
ELGGian7's base· Open — unwalled flank
Smoothed initial terrain · ◌ = detected wall gap · hover for details
Inputs per minute
— Chevalierpersan - - Luzbelito95
Build order — Chevalierpersan
First 150 of 267 actions detected
| 0:10 | Build | House |
| 0:10 | Build | House |
| 0:13 | Research | Loom |
| 0:13 | Create | Villager (Male) ×5 |
| 0:13 | Create | Villager (Male) ×5 |
| 2:03 | Create | Villager (Male) |
| 2:47 | Create | Villager (Male) |
| 2:47 | Create | Villager (Male) |
| 3:49 | Create | Villager (Male) ×2 |
| 3:49 | Create | Villager (Male) ×2 |
| 4:32 | Create | Villager (Male) |
| 4:32 | Create | Villager (Male) |
| 5:22 | Create | Villager (Male) ×5 |
| 5:22 | Create | Villager (Male) ×5 |
| 5:50 | Build | House |
| 6:09 | Build | Lumber Camp |
| 6:15 | Build | House |
| 6:20 | Create | Villager (Male) ×3 |
| 6:20 | Create | Villager (Male) ×3 |
| 6:28 | Build | Mill |
| 8:02 | Research | Feudal Age |
| 8:08 | Create | Villager (Male) |
| 8:09 | Research | Feudal Age |
| 8:47 | Build | Mining Camp |
| 9:07 | Build | Mining Camp |
| 10:41 | Age | Feudal Age |
| 10:48 | Research | Wheelbarrow |
| 10:49 | Research | Town Watch |
| 10:53 | Research | Double-Bit Axe |
| 11:16 | Research | Stone Mining |
| 12:16 | Research | Gold Mining |
| 12:19 | Create | Villager (Male) |
| 12:50 | Build | House |
| 12:57 | Build | Mill |
| 12:59 | Create | Villager (Male) |
| 13:13 | Create | Villager (Male) |
| 13:13 | Create | Villager (Male) |
| 13:31 | Create | Villager (Male) |
| 13:31 | Create | Villager (Male) |
| 14:10 | Build | Farm |
| 14:11 | Build | Farm |
| 14:13 | Build | Farm |
| 14:14 | Build | Farm |
| 14:16 | Build | Farm |
| 14:17 | Build | Farm |
| 14:20 | Build | Farm |
| 14:22 | Build | Farm |
| 14:26 | Create | Villager (Male) |
| 14:26 | Create | Villager (Male) |
| 15:15 | Create | Villager (Male) ×2 |
| 15:15 | Create | Villager (Male) ×2 |
| 15:40 | Create | Villager (Male) |
| 15:42 | Research | Horse Collar |
| 15:47 | Build | House |
| 15:59 | Create | Villager (Male) |
| 15:59 | Create | Villager (Male) |
| 16:16 | Build | Barracks |
| 16:28 | Build | Farm |
| 16:43 | Create | Villager (Male) |
| 17:13 | Build | Stable |
| 17:17 | Create | Villager (Male) |
| 17:17 | Create | Villager (Male) |
| 18:01 | Create | Villager (Male) |
| 18:01 | Create | Villager (Male) |
| 18:15 | Research | Bloodlines |
| 18:19 | Build | House |
| 18:44 | Build | Farm |
| 18:45 | Build | Farm |
| 18:47 | Build | Farm |
| 18:52 | Build | House |
| 19:03 | Create | Villager (Male) |
| 19:04 | Create | Villager (Male) |
| 19:22 | Build | House |
| 19:38 | Create | Villager (Male) |
| 19:38 | Create | Villager (Male) |
| 19:58 | Build | House |
| 20:00 | Build | House |
| 20:06 | Build | Market |
| 20:26 | Create | Villager (Male) |
| 21:13 | Build | Farm |
| 21:16 | Build | Farm |
| 21:17 | Research | Castle Age |
| 21:19 | Build | Farm |
| 21:21 | Build | Farm |
| 21:22 | Build | Farm |
| 21:24 | Build | Farm |
| 21:26 | Build | Farm |
| 21:53 | Build | Blacksmith |
| 22:48 | Build | Stable |
| 22:52 | Build | House |
| 22:53 | Build | House |
| 23:17 | Research | Fletching |
| 23:19 | Research | Scale Mail Armor |
| 23:19 | Research | Forging |
| 23:24 | Research | Scale Barding Armor |
| 23:43 | Age | Castle Age |
| 23:47 | Build | Castle |
| 23:50 | Research | Hand Cart |
| 23:51 | Research | Town Patrol |
| 23:54 | Research | Bow Saw |
| 24:00 | Create | Knight |
| 24:01 | Create | Knight |
| 24:24 | Research | Heavy Plow |
| 24:48 | Create | Villager (Male) |
| 24:49 | Create | Villager (Male) |
| 25:13 | Create | Villager (Male) |
| 25:16 | Create | Knight ×3 |
| 25:16 | Create | Knight ×3 |
| 25:31 | Build | House |
| 25:33 | Build | House |
| 25:40 | Create | Villager (Male) |
| 25:40 | Create | Villager (Male) |
| 25:52 | Create | Villager (Male) |
| 26:06 | Research | Stone Shaft Mining |
| 26:23 | Create | Knight |
| 26:42 | Create | Villager (Male) |
| 26:45 | Research | Gold Shaft Mining |
| 26:51 | Build | House |
| 26:52 | Build | House |
| 26:55 | Create | Knight |
| 26:55 | Create | Knight |
| 27:15 | Create | Villager (Male) |
| 27:27 | Build | Lumber Camp |
| 27:44 | Create | Spearman |
| 27:44 | Create | Spearman |
| 27:45 | Create | Spearman |
| 27:45 | Research | Pikeman (upgrade) |
| 27:46 | Research | Arson |
| 27:53 | Build | House |
| 27:54 | Build | House |
| 27:56 | Build | House |
| 28:04 | Create | Villager (Male) |
| 28:05 | Create | Villager (Male) |
| 28:05 | Create | Villager (Male) |
| 28:06 | Create | Villager (Male) |
| 28:28 | Research | Gambesons |
| 28:40 | Create | Knight |
| 28:40 | Create | Knight |
| 28:41 | Create | Knight |
| 28:45 | Create | Villager (Male) |
| 28:45 | Create | Villager (Male) |
| 28:55 | Build | Farm |
| 28:57 | Build | Farm |
| 29:00 | Build | Farm |
| 29:55 | Research | Iron Casting |
| 29:56 | Research | Chain Mail Armor |
| 29:57 | Create | Villager (Male) |
| 29:58 | Create | Villager (Male) |
| 29:58 | Create | Villager (Male) |
| 29:58 | Create | Villager (Male) |
Build order — Luzbelito95
First 150 of 173 actions detected
| 0:01 | Create | Villager (Male) |
| 0:02 | Create | Villager (Male) |
| 0:04 | Build | House |
| 0:05 | Build | House |
| 1:35 | Create | Villager (Male) |
| 1:35 | Create | Villager (Male) |
| 2:26 | Create | Villager (Male) |
| 2:35 | Build | Lumber Camp |
| 2:42 | Create | Villager (Male) |
| 3:23 | Create | Villager (Male) |
| 3:46 | Create | Villager (Male) |
| 4:13 | Create | Villager (Male) |
| 4:31 | Create | Villager (Male) |
| 4:45 | Build | House |
| 5:02 | Create | Villager (Male) |
| 5:22 | Build | Mill |
| 5:51 | Create | Villager (Male) |
| 6:15 | Create | Villager (Male) |
| 6:44 | Create | Villager (Male) |
| 6:44 | Create | Villager (Male) |
| 7:14 | Create | Villager (Male) |
| 7:23 | Build | House |
| 8:08 | Build | Mining Camp |
| 8:12 | Create | Villager (Male) |
| 8:15 | Create | Villager (Male) |
| 8:45 | Build | Mining Camp |
| 9:01 | Build | Palisade Wall |
| 9:02 | Build | House |
| 9:08 | Create | Villager (Male) |
| 9:51 | Research | Feudal Age |
| 10:18 | Build | Barracks |
| 10:19 | Build | Palisade Wall |
| 10:58 | Build | Palisade Gate |
| 11:14 | Create | Villager (Male) |
| 11:29 | Build | House |
| 12:04 | Build | Archery Range |
| 12:12 | Build | Archery Range |
| 12:23 | Create | Villager (Male) |
| 12:23 | Create | Villager (Male) |
| 12:25 | Research | Double-Bit Axe |
| 13:03 | Create | Archer |
| 13:03 | Create | Archer |
| 13:05 | Create | Archer |
| 13:05 | Create | Archer |
| 13:27 | Build | House |
| 13:28 | Build | House |
| 13:34 | Create | Archer |
| 13:48 | Build | House |
| 13:58 | Build | Blacksmith |
| 13:59 | Build | Palisade Wall |
| 14:22 | Create | Archer |
| 14:29 | Build | House |
| 14:32 | Build | House |
| 14:40 | Build | House |
| 14:48 | Create | Villager (Male) |
| 14:55 | Build | House |
| 15:22 | Create | Spearman ×5 |
| 15:52 | Build | House |
| 15:53 | Build | Palisade Gate |
| 15:59 | Research | Fletching |
| 16:03 | Build | Farm |
| 16:03 | Build | Farm |
| 16:03 | Build | Farm |
| 16:03 | Build | Farm |
| 16:04 | Build | Farm |
| 16:07 | Build | Farm |
| 16:17 | Create | Archer |
| 17:46 | Create | Villager (Male) |
| 17:47 | Create | Villager (Male) |
| 17:54 | Build | Watch Tower |
| 18:29 | Build | House |
| 18:31 | Create | Spearman |
| 18:31 | Create | Spearman |
| 18:33 | Create | Archer ×3 |
| 18:42 | Build | Market |
| 18:48 | Build | Palisade Wall |
| 18:50 | Create | Villager (Male) |
| 18:50 | Create | Villager (Male) |
| 18:51 | Create | Villager (Male) |
| 19:11 | Build | House |
| 19:19 | Build | Palisade Wall |
| 19:29 | Create | Villager (Male) |
| 19:29 | Create | Villager (Male) |
| 20:08 | Build | Watch Tower |
| 21:07 | Create | Villager (Male) |
| 21:07 | Create | Villager (Male) |
| 21:17 | Create | Archer ×5 |
| 22:00 | Build | Watch Tower |
| 22:05 | Build | House |
| 22:36 | Create | Villager (Male) |
| 22:37 | Create | Villager (Male) |
| 22:41 | Build | Farm |
| 22:41 | Build | Farm |
| 22:41 | Build | Farm |
| 22:42 | Build | Farm |
| 22:42 | Build | Farm |
| 22:48 | Build | House |
| 23:05 | Create | Spearman |
| 23:05 | Create | Spearman |
| 23:21 | Build | Watch Tower |
| 23:48 | Build | Palisade Wall |
| 24:17 | Build | House |
| 24:29 | Create | Archer ×5 |
| 24:31 | Create | Spearman |
| 24:32 | Create | Spearman |
| 25:01 | Research | Castle Age |
| 25:18 | Build | Watch Tower |
| 25:27 | Build | Farm |
| 25:27 | Build | Farm |
| 25:27 | Build | Farm |
| 25:28 | Build | Farm |
| 26:15 | Build | Watch Tower |
| 27:44 | Build | Watch Tower |
| 27:55 | Research | Bodkin Arrow |
| 27:57 | Research | Crossbowman (upgrade) |
| 28:30 | Create | Villager (Male) |
| 28:30 | Create | Villager (Male) |
| 28:34 | Build | Mining Camp |
| 29:05 | Build | Watch Tower |
| 29:28 | Build | House |
| 29:38 | Build | Palisade Wall |
| 29:56 | Build | University |
| 30:40 | Build | Watch Tower |
| 30:48 | Build | House |
| 30:51 | Build | House |
| 31:06 | Create | Villager (Male) |
| 31:06 | Create | Villager (Male) |
| 31:09 | Create | Spearman |
| 31:10 | Create | Spearman |
| 32:41 | Create | Villager (Male) |
| 32:41 | Create | Villager (Male) |
| 33:08 | Build | Farm |
| 33:15 | Build | House |
| 34:44 | Create | Villager (Male) |
| 34:44 | Create | Villager (Male) |
| 34:53 | Build | Lumber Camp |
| 35:03 | Build | Stone Wall |
| 35:37 | Build | Monastery |
| 36:05 | Build | Farm |
| 36:09 | Create | Monk |
| 36:10 | Create | Monk |
| 36:14 | Build | Monastery |
| 36:36 | Create | Monk |
| 36:36 | Create | Monk |
| 37:40 | Research | Fervor |
| 37:47 | Build | Town Center |
| 38:05 | Create | Villager (Male) |
| 38:05 | Create | Villager (Male) |
| 38:11 | Build | House |
| 38:14 | Research | Thumb Ring |
Build order — gAUS
First 150 of 232 actions detected
| 0:03 | Create | Villager (Male) |
| 0:03 | Create | Villager (Male) |
| 0:04 | Build | House |
| 0:05 | Build | House |
| 0:06 | Build | House |
| 0:41 | Create | Villager (Male) |
| 1:06 | Create | Villager (Male) |
| 1:29 | Create | Villager (Male) |
| 2:08 | Create | Villager (Male) |
| 2:22 | Create | Villager (Male) |
| 2:42 | Build | Lumber Camp |
| 3:02 | Create | Villager (Male) |
| 3:02 | Create | Villager (Male) |
| 3:20 | Create | Villager (Male) |
| 4:43 | Create | Villager (Male) |
| 4:55 | Create | Villager (Male) |
| 5:06 | Create | Villager (Male) |
| 5:42 | Build | Mill |
| 5:56 | Create | Villager (Male) |
| 5:57 | Create | Villager (Male) |
| 6:14 | Create | Villager (Male) |
| 6:30 | Create | Villager (Male) |
| 6:37 | Create | Villager (Male) |
| 7:08 | Create | Villager (Male) |
| 7:26 | Build | House |
| 8:27 | Create | Villager (Male) |
| 8:56 | Research | Loom |
| 8:59 | Research | Feudal Age |
| 9:03 | Research | Loom |
| 9:55 | Create | Villager (Male) |
| 9:56 | Research | Double-Bit Axe |
| 10:01 | Research | Horse Collar |
| 10:40 | Create | Villager (Male) |
| 11:10 | Age | Feudal Age |
| 11:11 | Create | Villager (Male) |
| 11:34 | Build | Mining Camp |
| 11:38 | Create | Villager (Male) |
| 12:37 | Build | House |
| 12:54 | Build | Market |
| 12:59 | Build | Barracks |
| 13:01 | Create | Villager (Male) |
| 13:10 | Research | Bow Saw |
| 13:12 | Create | Villager (Male) |
| 13:54 | Build | Farm |
| 14:23 | Build | Farm |
| 14:32 | Build | Blacksmith |
| 14:44 | Build | Farm |
| 15:21 | Research | Castle Age |
| 15:21 | Research | Castle Age |
| 15:21 | Research | Castle Age |
| 15:27 | Build | Stable |
| 15:30 | Build | Farm |
| 15:37 | Build | House |
| 15:39 | Build | House |
| 16:07 | Build | Mining Camp |
| 16:14 | Build | Palisade Wall |
| 16:22 | Build | Palisade Wall |
| 17:14 | Build | House |
| 17:15 | Build | House |
| 17:19 | Build | House |
| 17:20 | Build | House |
| 17:21 | Build | House |
| 17:22 | Build | House |
| 17:37 | Create | Villager (Male) |
| 18:01 | Age | Castle Age |
| 18:04 | Build | Town Center |
| 18:08 | Create | Villager (Male) |
| 18:11 | Create | Knight |
| 18:12 | Create | Knight |
| 18:13 | Create | Knight |
| 18:33 | Create | Villager (Male) |
| 18:35 | Build | Farm |
| 18:40 | Create | Knight |
| 18:51 | Build | Stable |
| 18:54 | Create | Villager (Male) |
| 18:58 | Build | Farm |
| 19:06 | Build | Farm |
| 19:08 | Create | Villager (Male) |
| 19:14 | Create | Villager (Male) |
| 19:44 | Build | Farm |
| 19:48 | Build | Farm |
| 19:52 | Build | Farm |
| 19:53 | Create | Villager (Male) |
| 19:56 | Create | Villager (Male) |
| 20:14 | Research | Husbandry |
| 20:16 | Build | Farm |
| 20:22 | Build | House |
| 20:29 | Build | Farm |
| 20:32 | Create | Villager (Male) |
| 20:34 | Create | Villager (Male) |
| 21:10 | Build | Farm |
| 21:22 | Build | Monastery |
| 21:25 | Create | Villager (Male) |
| 21:26 | Create | Villager (Male) |
| 21:31 | Research | Cavalier (upgrade) |
| 21:32 | Research | Cavalier (upgrade) |
| 22:02 | Build | Farm |
| 22:03 | Create | Villager (Male) |
| 22:04 | Create | Villager (Male) |
| 22:06 | Create | Villager (Male) |
| 22:33 | Build | Farm |
| 22:36 | Build | Mining Camp |
| 22:40 | Create | Monk |
| 23:28 | Create | Knight |
| 23:29 | Create | Knight |
| 23:29 | Create | Knight |
| 23:34 | Research | Forging |
| 23:48 | Create | Villager (Male) |
| 23:50 | Create | Villager (Male) |
| 23:52 | Create | Villager (Male) |
| 23:52 | Create | Villager (Male) |
| 24:22 | Create | Knight |
| 24:23 | Create | Knight |
| 24:23 | Create | Knight |
| 24:32 | Build | Farm |
| 24:36 | Build | Farm |
| 24:36 | Build | Farm |
| 24:36 | Build | Farm |
| 24:40 | Create | Monk |
| 25:05 | Create | Knight |
| 25:05 | Create | Knight |
| 25:05 | Create | Knight |
| 25:05 | Create | Knight |
| 25:06 | Create | Knight |
| 25:14 | Build | Farm |
| 25:20 | Research | Wheelbarrow |
| 25:34 | Build | House |
| 25:43 | Research | Scale Barding Armor |
| 26:09 | Create | Villager (Male) |
| 26:09 | Create | Villager (Male) |
| 26:10 | Create | Villager (Male) |
| 26:44 | Build | Siege Workshop |
| 27:02 | Build | Farm |
| 27:14 | Create | Knight |
| 27:14 | Create | Knight |
| 27:16 | Create | Knight |
| 27:17 | Create | Knight |
| 28:29 | Create | Mangonel |
| 28:36 | Create | Villager (Male) |
| 28:37 | Create | Villager (Male) |
| 28:40 | Create | Knight |
| 28:41 | Create | Knight |
| 28:41 | Create | Knight |
| 28:41 | Create | Knight |
| 28:42 | Create | Knight |
| 28:42 | Create | Knight |
| 28:42 | Create | Knight |
| 28:43 | Create | Knight |
| 29:44 | Create | Mangonel |
| 30:04 | Research | Iron Casting |
Build order — viahortus
First 150 of 219 actions detected
| 0:01 | Create | Villager (Male) |
| 0:01 | Create | Villager (Male) |
| 0:01 | Create | Villager (Male) |
| 0:02 | Create | Villager (Male) |
| 0:02 | Create | Villager (Male) |
| 0:04 | Build | House |
| 0:05 | Build | House |
| 1:48 | Build | Lumber Camp |
| 1:49 | Create | Villager (Male) |
| 2:16 | Create | Villager (Male) |
| 2:17 | Create | Villager (Male) |
| 2:17 | Create | Villager (Male) |
| 3:10 | Create | Villager (Male) |
| 3:10 | Create | Villager (Male) |
| 3:10 | Create | Villager (Male) |
| 3:49 | Create | Villager (Male) |
| 4:18 | Create | Villager (Male) |
| 4:42 | Create | Villager (Male) |
| 4:51 | Build | House |
| 4:55 | Research | Loom |
| 5:18 | Build | House |
| 5:22 | Create | Villager (Male) |
| 6:28 | Create | Villager (Male) |
| 6:29 | Create | Villager (Male) |
| 6:31 | Create | Villager (Male) |
| 6:46 | Build | Mining Camp |
| 7:35 | Create | Villager (Male) |
| 7:48 | Build | Mill |
| 8:27 | Create | Villager (Male) |
| 8:29 | Create | Villager (Male) |
| 8:30 | Create | Villager (Male) |
| 9:02 | Research | Feudal Age |
| 11:16 | Create | Villager (Male) |
| 11:27 | Age | Feudal Age |
| 11:39 | Build | Blacksmith |
| 11:46 | Build | Market |
| 12:14 | Create | Villager (Male) |
| 12:15 | Create | Villager (Male) |
| 12:49 | Research | Castle Age |
| 13:06 | Build | Barracks |
| 13:38 | Research | Double-Bit Axe |
| 13:41 | Research | Horse Collar |
| 14:24 | Research | Man-at-Arms (upgrade) |
| 15:05 | Create | Militia |
| 15:12 | Build | House |
| 15:14 | Build | House |
| 15:16 | Build | House |
| 15:18 | Build | House |
| 15:21 | Create | Militia |
| 15:40 | Build | Barracks |
| 15:44 | Age | Castle Age |
| 15:45 | Create | Villager (Male) |
| 15:46 | Create | Villager (Male) |
| 15:47 | Create | Villager (Male) |
| 15:56 | Research | Heavy Plow |
| 16:20 | Research | Long Swordsman (upgrade) |
| 16:47 | Research | Bow Saw |
| 17:03 | Build | Farm |
| 17:03 | Build | Farm |
| 17:23 | Create | Militia ×2 |
| 17:45 | Create | Villager (Male) |
| 17:51 | Build | Farm |
| 17:54 | Build | Farm |
| 17:59 | Create | Militia |
| 18:17 | Create | Villager (Male) |
| 18:22 | Build | Farm |
| 18:26 | Build | Farm |
| 18:34 | Build | Farm |
| 18:42 | Create | Militia |
| 18:43 | Create | Militia |
| 18:49 | Build | Lumber Camp |
| 18:57 | Build | Farm |
| 18:57 | Build | Farm |
| 19:04 | Create | Villager (Male) |
| 19:05 | Create | Villager (Male) |
| 19:18 | Create | Militia |
| 19:18 | Create | Militia |
| 19:25 | Build | Farm |
| 19:48 | Build | House |
| 19:51 | Build | House |
| 19:52 | Build | House |
| 19:57 | Create | Militia |
| 19:57 | Create | Militia |
| 20:20 | Create | Villager (Male) |
| 20:21 | Create | Villager (Male) |
| 20:34 | Build | Farm |
| 20:34 | Build | Farm |
| 20:34 | Build | Farm |
| 20:44 | Create | Villager (Male) |
| 20:57 | Build | Farm |
| 20:58 | Build | Farm |
| 20:58 | Build | Farm |
| 20:58 | Build | Farm |
| 21:09 | Create | Militia |
| 21:11 | Create | Militia |
| 21:46 | Research | Scale Mail Armor |
| 21:52 | Research | Arson |
| 22:11 | Build | Siege Workshop |
| 22:14 | Create | Villager (Male) |
| 22:15 | Create | Villager (Male) |
| 22:26 | Research | Squires |
| 22:37 | Create | Villager (Male) |
| 22:52 | Build | Town Center |
| 23:09 | Research | Chain Mail Armor |
| 23:53 | Create | Villager (Male) |
| 23:55 | Create | Villager (Male) |
| 24:28 | Create | Villager (Male) |
| 24:29 | Create | Villager (Male) |
| 24:37 | Create | Battering Ram |
| 25:28 | Create | Villager (Male) |
| 25:29 | Create | Villager (Male) |
| 26:02 | Create | Villager (Male) |
| 26:03 | Create | Villager (Male) |
| 26:03 | Create | Villager (Male) |
| 26:27 | Create | Villager (Male) |
| 26:29 | Create | Villager (Male) |
| 27:00 | Create | Villager (Male) |
| 27:02 | Create | Villager (Male) |
| 27:03 | Research | Wheelbarrow |
| 27:21 | Build | Archery Range |
| 27:23 | Build | Archery Range |
| 27:25 | Build | Archery Range |
| 27:34 | Create | Villager (Male) |
| 27:41 | Research | Fletching |
| 28:02 | Build | Mining Camp |
| 28:19 | Create | Villager (Male) |
| 28:20 | Create | Villager (Male) |
| 28:27 | Build | University |
| 28:41 | Research | Elite Skirmisher (upgrade) |
| 28:43 | Research | Thumb Ring |
| 28:47 | Create | Skirmisher ×5 |
| 28:51 | Build | Farm |
| 28:51 | Build | Farm |
| 28:52 | Build | Farm |
| 28:54 | Create | Villager (Male) |
| 28:57 | Research | Hand Cart |
| 29:02 | Research | Town Watch |
| 29:07 | Research | Gambesons |
| 29:18 | Create | Skirmisher ×2 |
| 29:24 | Build | Farm |
| 29:25 | Build | Farm |
| 29:25 | Build | Farm |
| 29:34 | Create | Villager (Male) |
| 29:46 | Build | Mining Camp |
| 29:50 | Create | Villager (Male) |
| 29:52 | Create | Villager (Male) |
| 29:56 | Create | Skirmisher |
| 29:56 | Create | Skirmisher |
| 30:09 | Create | Villager (Male) |
| 30:15 | Build | House |
Build order — ObiGOD
First 150 of 309 actions detected
| 0:03 | Build | House |
| 0:04 | Create | Villager (Male) |
| 0:04 | Create | Villager (Male) |
| 0:05 | Create | Villager (Male) |
| 0:16 | Create | Villager (Male) |
| 0:16 | Create | Villager (Male) |
| 0:31 | Build | House |
| 1:28 | Create | Villager (Male) |
| 1:55 | Build | House |
| 1:57 | Create | Villager (Male) |
| 2:17 | Create | Villager (Male) |
| 2:56 | Build | Lumber Camp |
| 2:58 | Create | Villager (Male) |
| 3:14 | Create | Villager (Male) |
| 3:49 | Create | Villager (Male) |
| 4:06 | Create | Villager (Male) |
| 4:17 | Create | Villager (Male) |
| 4:24 | Create | Villager (Male) |
| 5:48 | Create | Villager (Male) |
| 5:51 | Build | Mill |
| 6:05 | Create | Villager (Male) |
| 6:09 | Create | Villager (Male) |
| 6:24 | Create | Villager (Male) |
| 6:58 | Create | Villager (Male) |
| 7:10 | Build | House |
| 7:30 | Build | House |
| 7:32 | Build | House |
| 7:34 | Build | House |
| 7:51 | Create | Villager (Male) |
| 8:35 | Create | Villager (Male) |
| 8:58 | Build | House |
| 9:12 | Research | Feudal Age |
| 9:12 | Research | Feudal Age |
| 9:18 | Build | Barracks |
| 9:26 | Build | Mining Camp |
| 9:53 | Create | Villager (Male) |
| 10:43 | Build | Mill |
| 11:22 | Age | Feudal Age |
| 11:26 | Build | Archery Range |
| 11:27 | Create | Villager (Male) |
| 11:33 | Research | Horse Collar |
| 11:34 | Research | Horse Collar |
| 12:07 | Research | Double-Bit Axe |
| 12:08 | Create | Villager (Male) |
| 12:24 | Build | House |
| 12:36 | Create | Villager (Male) |
| 13:02 | Create | Villager (Male) |
| 13:08 | Build | Lumber Camp |
| 13:28 | Research | Wheelbarrow |
| 13:29 | Create | Villager (Male) |
| 13:37 | Research | Loom |
| 13:44 | Create | Spearman |
| 13:45 | Create | Spearman |
| 14:28 | Create | Villager (Male) |
| 14:41 | Research | Gold Mining |
| 14:56 | Build | Lumber Camp |
| 18:03 | Build | Farm |
| 18:03 | Build | Farm |
| 18:04 | Build | Farm |
| 18:04 | Build | Farm |
| 18:05 | Build | Farm |
| 18:05 | Build | Farm |
| 18:06 | Build | Farm |
| 18:06 | Build | Farm |
| 18:06 | Build | Farm |
| 18:09 | Create | Villager (Male) |
| 18:09 | Create | Villager (Male) |
| 18:09 | Create | Villager (Male) |
| 18:10 | Create | Villager (Male) |
| 18:11 | Create | Villager (Male) |
| 18:12 | Create | Spearman |
| 18:24 | Build | Lumber Camp |
| 18:40 | Build | Farm |
| 19:04 | Build | Farm |
| 19:10 | Build | Farm |
| 19:11 | Build | Farm |
| 19:31 | Build | Archery Range |
| 19:37 | Build | Blacksmith |
| 20:19 | Create | Villager (Male) |
| 20:28 | Build | Market |
| 20:35 | Research | Fletching |
| 20:36 | Research | Padded Archer Armor |
| 20:47 | Create | Villager (Male) |
| 20:52 | Build | Farm |
| 20:59 | Build | Farm |
| 21:00 | Build | Farm |
| 21:02 | Create | Villager (Male) |
| 21:19 | Build | Farm |
| 21:20 | Build | Farm |
| 21:32 | Research | Castle Age |
| 22:15 | Build | Farm |
| 22:17 | Build | Farm |
| 22:40 | Build | Mining Camp |
| 23:14 | Build | Archery Range |
| 23:36 | Build | House |
| 23:39 | Build | Palisade Wall |
| 23:47 | Build | Archery Range |
| 24:17 | Age | Castle Age |
| 24:18 | Create | Cavalry Archer |
| 24:19 | Create | Cavalry Archer |
| 24:22 | Research | Thumb Ring |
| 24:22 | Research | Thumb Ring |
| 24:29 | Build | Town Center |
| 24:38 | Create | Cavalry Archer |
| 24:39 | Create | Cavalry Archer |
| 24:41 | Create | Cavalry Archer |
| 24:42 | Create | Cavalry Archer |
| 24:55 | Build | Mill |
| 24:59 | Create | Cavalry Archer |
| 25:18 | Create | Villager (Male) |
| 25:19 | Create | Villager (Male) |
| 25:35 | Build | University |
| 25:53 | Create | Cavalry Archer |
| 25:53 | Create | Cavalry Archer |
| 25:54 | Create | Cavalry Archer |
| 26:02 | Build | University |
| 26:50 | Create | Villager (Male) |
| 26:50 | Create | Villager (Male) |
| 26:53 | Create | Cavalry Archer |
| 26:53 | Create | Cavalry Archer |
| 27:16 | Create | Villager (Male) |
| 27:16 | Create | Villager (Male) |
| 27:16 | Create | Villager (Male) |
| 27:17 | Create | Villager (Male) |
| 27:17 | Create | Villager (Male) |
| 27:31 | Create | Villager (Male) |
| 27:31 | Create | Villager (Male) |
| 27:35 | Create | Villager (Male) |
| 27:51 | Create | Cavalry Archer |
| 27:52 | Create | Cavalry Archer |
| 27:52 | Create | Cavalry Archer |
| 27:55 | Create | Villager (Male) |
| 27:56 | Create | Villager (Male) |
| 28:15 | Research | Bow Saw |
| 28:33 | Create | Villager (Male) |
| 28:33 | Create | Villager (Male) |
| 29:09 | Create | Villager (Male) |
| 29:10 | Create | Villager (Male) |
| 29:28 | Build | Town Center |
| 29:29 | Create | Villager (Male) |
| 29:29 | Create | Villager (Male) |
| 29:37 | Create | Cavalry Archer |
| 29:37 | Create | Cavalry Archer |
| 30:05 | Create | Cavalry Archer |
| 30:05 | Create | Cavalry Archer |
| 30:16 | Create | Villager (Male) |
| 30:17 | Create | Villager (Male) |
| 30:36 | Create | Villager (Male) |
| 30:37 | Create | Villager (Male) |
| 30:46 | Create | Cavalry Archer |
Build order — ELGGian7
First 150 of 238 actions detected
| 0:00 | Create | Villager (Male) |
| 0:01 | Create | Villager (Male) |
| 0:02 | Build | House |
| 0:04 | Build | House |
| 0:17 | Create | Villager (Male) |
| 0:29 | Create | Villager (Male) |
| 1:24 | Create | Villager (Male) |
| 1:46 | Build | Lumber Camp |
| 2:27 | Create | Villager (Male) |
| 2:29 | Create | Villager (Male) |
| 2:51 | Create | Villager (Male) |
| 3:26 | Create | Villager (Male) |
| 3:50 | Create | Villager (Male) |
| 4:06 | Create | Villager (Male) |
| 4:28 | Build | House |
| 4:32 | Create | Villager (Male) |
| 5:15 | Create | Villager (Male) |
| 5:18 | Create | Villager (Male) |
| 5:37 | Create | Villager (Male) |
| 5:52 | Build | Mill |
| 6:12 | Create | Villager (Male) |
| 6:36 | Create | Villager (Male) |
| 6:43 | Create | Villager (Male) |
| 6:51 | Create | Villager (Male) |
| 6:54 | Create | Villager (Male) |
| 7:05 | Build | House |
| 7:09 | Research | Loom |
| 7:24 | Create | Villager (Male) |
| 7:39 | Create | Villager (Male) |
| 7:52 | Create | Villager (Male) |
| 8:21 | Build | Mining Camp |
| 8:22 | Create | Villager (Male) |
| 8:58 | Create | Villager (Male) |
| 9:10 | Research | Feudal Age |
| 9:18 | Build | Farm |
| 10:01 | Build | House |
| 10:25 | Create | Villager (Male) |
| 11:19 | Build | House |
| 11:22 | Build | Palisade Wall |
| 11:27 | Build | House |
| 11:30 | Build | Palisade Wall |
| 12:18 | Research | Castle Age |
| 12:49 | Build | Stable |
| 12:57 | Build | Stable |
| 13:04 | Build | Blacksmith |
| 13:07 | Build | Farm |
| 13:08 | Build | Farm |
| 13:16 | Build | Farm |
| 13:28 | Build | House |
| 13:34 | Build | Palisade Wall |
| 13:35 | Build | Palisade Wall |
| 13:47 | Build | Farm |
| 13:51 | Research | Double-Bit Axe |
| 14:04 | Build | Farm |
| 14:23 | Create | Villager (Male) |
| 14:42 | Build | Palisade Gate |
| 15:00 | Create | Knight ×3 |
| 15:25 | Create | Villager (Male) |
| 15:26 | Create | Villager (Male) |
| 15:29 | Build | Farm |
| 15:38 | Build | Farm |
| 15:38 | Build | Farm |
| 15:59 | Build | House |
| 16:02 | Create | Knight |
| 16:06 | Create | Villager (Male) |
| 16:13 | Build | Lumber Camp |
| 16:23 | Build | Farm |
| 16:25 | Create | Villager (Male) |
| 16:45 | Create | Villager (Male) |
| 17:29 | Create | Villager (Male) |
| 17:31 | Create | Knight |
| 17:45 | Create | Villager (Male) |
| 17:49 | Build | Farm |
| 17:49 | Build | Farm |
| 18:03 | Build | Farm |
| 18:03 | Build | Farm |
| 18:04 | Build | Farm |
| 18:14 | Create | Knight |
| 18:24 | Create | Villager (Male) |
| 18:27 | Build | Farm |
| 18:33 | Build | Farm |
| 18:33 | Build | Farm |
| 18:33 | Build | Farm |
| 18:34 | Build | Farm |
| 18:49 | Create | Villager (Male) |
| 19:15 | Create | Villager (Male) |
| 19:20 | Create | Knight |
| 19:28 | Create | Villager (Male) |
| 19:30 | Create | Villager (Male) |
| 19:57 | Create | Villager (Male) |
| 19:58 | Create | Villager (Male) |
| 20:03 | Build | Farm |
| 20:03 | Build | Farm |
| 20:07 | Build | Stable |
| 20:09 | Build | Stable |
| 20:34 | Build | Siege Workshop |
| 20:47 | Create | Villager (Male) |
| 20:51 | Create | Villager (Male) |
| 20:55 | Research | Bow Saw |
| 21:17 | Research | Scale Barding Armor |
| 21:22 | Create | Mangonel |
| 21:34 | Build | House |
| 21:37 | Build | Stable |
| 21:44 | Build | House |
| 21:47 | Build | House |
| 21:49 | Build | House |
| 22:09 | Build | House |
| 22:11 | Build | House |
| 22:13 | Build | House |
| 22:23 | Create | Knight |
| 22:31 | Create | Villager (Male) |
| 22:31 | Create | Villager (Male) |
| 22:54 | Create | Knight ×4 |
| 23:39 | Create | Villager (Male) |
| 23:39 | Create | Villager (Male) |
| 24:19 | Build | Mining Camp |
| 24:20 | Create | Villager (Male) |
| 25:11 | Create | Villager (Male) |
| 25:11 | Create | Villager (Male) |
| 25:12 | Create | Villager (Male) |
| 25:17 | Build | Town Center |
| 25:22 | Create | Villager (Male) |
| 25:36 | Create | Mangonel |
| 25:46 | Build | House |
| 25:50 | Build | House |
| 25:53 | Build | House |
| 26:14 | Create | Villager (Male) |
| 27:07 | Build | Mining Camp |
| 27:08 | Create | Villager (Male) |
| 27:08 | Create | Villager (Male) |
| 27:08 | Create | Villager (Male) |
| 27:11 | Build | Farm |
| 27:11 | Build | Farm |
| 27:12 | Build | Farm |
| 27:12 | Build | Farm |
| 27:12 | Build | Farm |
| 27:12 | Build | Farm |
| 27:12 | Build | Farm |
| 27:35 | Build | House |
| 27:37 | Build | House |
| 27:38 | Create | Villager (Male) |
| 27:44 | Build | Farm |
| 28:38 | Build | House |
| 28:46 | Create | Villager (Male) |
| 29:05 | Create | Mangonel |
| 30:02 | Build | Town Center |
| 30:17 | Build | Siege Workshop |
| 30:22 | Create | Villager (Male) |
| 30:42 | Create | Villager (Male) |
| 31:11 | Create | Mangonel |
Match timeline
| 9:01 | Luzbelito95 · wall_segment Palisade Wall x5 |
| 9:18 | ObiGOD · first_building Barracks |
| 10:18 | Luzbelito95 · first_building Barracks |
| 10:19 | Luzbelito95 · wall_segment Palisade Wall x1 |
| 10:41 | Chevalierpersan · age_up feudal |
| 11:10 | gAUS · age_up feudal |
| 11:22 | ELGGian7 · wall_segment Palisade Wall x11 |
| 11:22 | ObiGOD · age_up feudal |
| 11:26 | ObiGOD · first_building Archery Range |
| 11:27 | viahortus · age_up feudal |
| 11:30 | ELGGian7 · wall_segment Palisade Wall x23 |
| 12:04 | Luzbelito95 · first_building Archery Range |
| 12:49 | ELGGian7 · first_building Stable |
| 12:59 | gAUS · first_building Barracks |
| 13:06 | viahortus · first_building Barracks |
| 13:34 | ELGGian7 · wall_segment Palisade Wall x15 |
| 13:35 | ELGGian7 · wall_segment Palisade Wall x1 |
| 13:59 | Luzbelito95 · wall_segment Palisade Wall x1 |
| 15:27 | gAUS · first_building Stable |
| 15:44 | viahortus · age_up castle |
| 16:14 | gAUS · wall_segment Palisade Wall x4 |
| 16:16 | Chevalierpersan · first_building Barracks |
| 16:22 | gAUS · wall_segment Palisade Wall x7 |
| 17:13 | Chevalierpersan · first_building Stable |
| 18:01 | gAUS · age_up castle |
| 18:48 | Luzbelito95 · wall_segment Palisade Wall x5 |
| 19:19 | Luzbelito95 · wall_segment Palisade Wall x1 |
| 20:34 | ELGGian7 · first_building Siege Workshop |
| 21:22 | gAUS · first_building Monastery |
| 21:29 | ObiGOD · first_market_buy 100 food |
| 22:11 | viahortus · first_building Siege Workshop |
| 23:39 | ObiGOD · wall_segment Palisade Wall x1 |
| 23:43 | Chevalierpersan · age_up castle |
| 23:47 | Chevalierpersan · first_building Castle |
| 23:48 | Luzbelito95 · wall_segment Palisade Wall x2 |
| 24:17 | ObiGOD · age_up castle |
| 26:44 | gAUS · first_building Siege Workshop |
| 27:21 | viahortus · first_building Archery Range |
| 27:23 | ObiGOD · first_market_sell 100 food |
| 29:38 | Luzbelito95 · wall_segment Palisade Wall x2 |
| 30:33 | gAUS · first_building Castle |
| 32:06 | ObiGOD · first_building Castle |
| 33:06 | gAUS · tribute_sent a jugador 1 |
| 33:06 | gAUS · tribute_sent a jugador 2 |
| 33:06 | gAUS · tribute_sent a jugador 4 |
| 33:06 | gAUS · tribute_sent a jugador 5 |
| 33:06 | gAUS · tribute_sent a jugador 6 |
| 34:01 | ObiGOD · wall_segment Palisade Wall x1 |
| 34:12 | Chevalierpersan · first_market_buy 100 stone |
| 34:59 | ObiGOD · first_building Stable |
| 35:00 | gAUS · first_market_sell 100 stone |
| 35:03 | Luzbelito95 · wall_segment Stone Wall x1 |
| 35:22 | Luzbelito95 · first_market_buy 100 wood |
| 35:25 | Luzbelito95 · first_market_sell 100 food |
| 35:37 | Luzbelito95 · first_building Monastery |
| 36:27 | gAUS · wall_segment Stone Wall x13 |
| 37:12 | viahortus · first_building Monastery |
| 37:47 | Chevalierpersan · first_building Archery Range |
| 38:12 | gAUS · age_up imperial |
| 39:07 | Luzbelito95 · wall_segment Stone Wall x1 |
| 39:30 | Chevalierpersan · age_up imperial |
| 40:06 | viahortus · age_up imperial |
| 40:56 | viahortus · first_building Castle |
| 41:54 | Luzbelito95 · wall_segment Stone Wall x5 |
| 43:19 | Chevalierpersan · resign |
[ AI ANALYSIS · 1 CREDIT ]
What really happened in this match?
Wolo.gg analyzes every decision: build order, eco, micro, common mistakes by bracket. Personalized analysis on WhatsApp or Discord in 30 seconds.
Civ guide
Persians
Map guide
Ghost Lake
Perfil
Jugador #11613383